 Dungeon Crawl Stone Soup version 0.21.1-1-g345015f (webtiles) character file.

278 letownia2 the Conjurer (level 6, -1/34 HPs)
             Began as a Tengu Wizard on Mar 2, 2018.
             Was a Follower of Sif Muna.
             Slain by an ice beast (9 damage)
             ... on level 7 of the Dungeon.
             The game lasted 00:05:58 (846 turns).

letownia2 the Conjurer (Tengu Wizard)                Turns: 846, Time: 00:05:58

Health: -1/34      AC:  2    Str: 13    XL:     6   Next: 26%
Magic:  12/13      EV: 12    Int: 20    God:    Sif Muna [*.....]
Gold:   175        SH:  0    Dex: 13    Spells: 4/13 levels left

rFire    . . .     SeeInvis .   l - +1 hand axe (venom)
rCold    . . .     Gourm    .   (no shield)
rNeg     . . .     Faith    .   a - +0 robe
rPois    .         Spirit   .   b - +0 hat
rElec    .         Reflect  .   (no cloak)
rCorr    .         Harm     .   (no gloves)
MR       .....                  (boots unavailable)
Stlth    ++........             (no amulet)
HPRegen  0.11/turn              n - +4 ring of slaying
MPRegen  0.13/turn              o - +6 ring of strength

@: no status effects
A: beak, talons 3, able to fly 1
a: Fly, Divine Energy, Renounce Religion


You were on level 7 of the Dungeon.
You worshipped Sif Muna.
Sif Muna was aware of your devotion.
You were not hungry.

You visited 2 branches of the dungeon, and saw 8 of its levels.

You collected 175 gold pieces.

Inventory:

Hand Weapons
 f - a +0 whip
 g - a +0 great sword
 l - a +1 hand axe of venom (weapon)
Armour
 a - a +0 robe (worn)
 b - a +0 hat (worn)
 m - a +0 leather armour
Jewellery
 n - a +4 ring of slaying (left hand)
 o - a +6 ring of strength (right hand)
Scrolls
 e - 2 scrolls of identify {unknown}
 p - a scroll of remove curse {unknown}
Potions
 h - a potion of agility {unknown}
 i - a potion of lignification {unknown}
 k - a potion of curing {unknown}
Books
 c - a book of Minor Magic

   Spells                             Type                      Level
   a - Magic Dart                     Conjuration                  1
   b - Blink                          Translocation                2
   c - Call Imp                       Summoning                    2
   d - Slow                           Hexes                        2
   e - Conjure Flame                  Conjuration/Fire             3
   f - Mephitic Cloud                 Conjuration/Poison/Air       3
Comestibles
 d - 3 rations
 j - 2 chunks of flesh


   Skills:
 - Level 1.1 Fighting
 - Level 2.1 Dodging
 - Level 2.0 Stealth
 + Level 4.4 Spellcasting
 - Level 5.7 Conjurations
 - Level 1.2 Summonings
   Level 0.7 Translocations
 - Level 2.1 Air Magic


You had 4 spell levels left.
You knew the following spells:

 Your Spells              Type           Power        Failure   Level  Hunger
a - Magic Dart            Conj           ####         1%          1    None
c - Conjure Flame         Conj/Fire      ###.....     12%         3    ###....
e - Mephitic Cloud        Conj/Pois/Air  ##......     13%         3    ###....
i - Call Imp              Summ           #.......     11%         2    #......


Dungeon Overview and Level Annotations

Branches:
Dungeon (7/15)             Temple (1/1) D:4

Altars:
Ashenzari
Cheibriados
Dithmenos
Elyvilon
Fedhas
Gozag
Hepliaklqana
Kikubaaqudgha
Nemelex Xobeh
Okawaru
Qazlal
Ru
Sif Muna
Trog
Uskayaw
Vehumet
Wu Jian
Xom
Yredelemnul
Zin
The Shining One


Innate Abilities, Weirdness & Mutations

You have a beak for a mouth.
You have claws for feet.
You can fly.


Message History

Casting: Mephitic Cloud
Confirm with . or Enter, or press ? or * to list all spells.
You don't know that spell.
Casting: Mephitic Cloud
Confirm with . or Enter, or press ? or * to list all spells.
You don't know that spell.
Unknown command.
Casting: Mephitic Cloud
Confirm with . or Enter, or press ? or * to list all spells.
A beastly little devil appears in a puff of flame.
The ice beast hits you. The ice beast freezes you!
* * * LOW HITPOINT WARNING * * *
Unknown command.
Unknown command.
Your crimson imp blinks!
Your crimson imp hits the ice beast but does no damage.
The ice beast hits you.
* * * LOW HITPOINT WARNING * * *
The ice beast freezes you!
You die...

......#.......## ##.##.# #
p...#..........####...#.###
...............'...........
....#..........####.....###
. #.#.......## ##.#..# #
#.##.....## ###..# # #
##...## #..# . #. ##'##
#..# . .. #@# #..##.
#.########Y# #..##.
#.......##5## #. #..
#..#...## #.. #.......#
#..###..#...## #...#.##.##
##......... ####.######


You could see an ice beast and a friendly crimson imp.

Vanquished Creatures
  3 howler monkeys (D:7)
  A hound (D:4)
  An orc priest (D:7)
  2 worker ants
  A worker ant zombie (D:7)
  3 adders
  A worm (D:6)
  A leopard gecko (D:1)
  7 orcs
  3 hobgoblins
  2 quokkas
  A bat (D:3)
  A frilled lizard (D:2)
  3 kobolds
  2 rats (D:2)
32 creatures vanquished.

Notes
Turn   | Place    | Note
-------+----------+-------------------------------------------
     0 | D:1      | letownia2 the Tengu Wizard began the quest for the Orb.
     0 | D:1      | Reached XP level 1. HP: 10/10 MP: 5/5
    50 | D:1      | Reached skill level 2 in Conjurations
    90 | D:2      | Reached XP level 2. HP: 14/15 MP: 2/7
   102 | D:2      | Learned a level 2 spell: Call Imp
   162 | D:3      | Reached skill level 3 in Conjurations
   164 | D:3      | Found a sacrificial altar of Ru.
   236 | D:4      | Found a staircase to the Ecumenical Temple.
   273 | D:4      | Reached skill level 4 in Conjurations
   273 | D:4      | Reached XP level 3. HP: 16/19 MP: 1/8
   287 | Temple   | Entered the Ecumenical Temple
   386 | Temple   | Became a worshipper of Sif Muna the Loreminder
   449 | D:4      | Reached skill level 5 in Conjurations
   449 | D:4      | Reached XP level 4. HP: 7/24 MP: 0/9
   483 | D:4      | Learned a level 3 spell: Mephitic Cloud
   487 | D:4      | Learned a level 3 spell: Conjure Flame
   492 | D:5      | Entered Level 5 of the Dungeon
   581 | D:7      | Reached skill level 1 in Air Magic
   610 | D:6      | Gained mutation: You can fly. [Tengu growth]
   610 | D:6      | Reached XP level 5. HP: 11/28 MP: 0/10
   699 | D:7      | Reached skill level 1 in Fighting
   756 | D:7      | Reached XP level 6. HP: 19/34 MP: 3/13
   759 | D:7      | Reached * piety under Sif Muna
   770 | D:7      | Noticed a wraith
   819 | D:7      | Noticed a slave
   835 | D:7      | Noticed an ice beast
   846 | D:7      | Slain by an ice beast

Skill      XL: |  1  2  3  4  5 |
---------------+----------------+-----
Conjurations   | 2 4 5 |  5.7
Air Magic      | 2 |  2.1
Fighting       | 1 |  1.1
Spellcasting   | 4 |  4.4
Dodging        | |  2.1
Stealth        | |  2.0
Summonings     | |  1.2
Translocations | |  0.7

Action                   |  1- 3 |  4- 6 || total
-------------------------+-------+-------++-------
Melee: Whip              |     7 |       ||     7
       Kick              |     2 |     3 ||     5
       Unarmed           |     1 |       ||     1
       Peck              |     1 |     1 ||     2
       Hand axe          |       |    15 ||    15
 Cast: Magic Dart        |    27 |    22 ||    49
       Call Imp          |     2 |     1 ||     3
       Mephitic Cloud    |       |     3 ||     3
       Conjure Flame     |       |     1 ||     1
 Stab: Sleeping          |     1 |       ||     1
       Distracted        |     1 |       ||     1
       Confused          |       |     3 ||     3
Armor: Robe              |     1 |     2 ||     3
Dodge: Dodged            |     7 |    15 ||    22
